 Dungeon Crawl Stone Soup version 0.21.1-1-g345015f (webtiles) character file.

62 MajorAdolf the Chopper (level 3, -2/34 HPs)
             Began as a Deep Dwarf Monk on Apr 2, 2018.
             Slain by a sky beast (4 damage)
             ... on level 3 of the Dungeon.
             The game lasted 00:04:18 (1612 turns).

MajorAdolf the Chopper (Deep Dwarf Monk)            Turns: 1612, Time: 00:04:19

Health: -2/34      AC:  2    Str: 15    XL:     3   Next: 85%
Magic:  3/3        EV: 14    Int: 10    God:
Gold:   119        SH:  0    Dex: 15    Spells: 2/2 levels left

rFire    . . .     SeeInvis .   g - +1 hand axe (venom)
rCold    . . .     Gourm    .   (no shield)
rNeg     . . .     Faith    .   b - +0 robe
rPois    .         Spirit   .   (no helmet)
rElec    .         Reflect  .   (no cloak)
rCorr    .         Harm     .   (no gloves)
MR       .....                  (no boots)
Stlth    ++........             (no amulet)
HPRegen  0.00/turn              (no ring)
MPRegen  0.08/turn              (no ring)

@: non-regenerating
A: damage resistance, heal wounds, sense surroundings 1, no regeneration
a: Heal Wounds


You were on level 3 of the Dungeon.
You were not hungry.

You visited 1 branch of the dungeon, and saw 3 of its levels.

You collected 119 gold pieces.

Inventory:

Hand Weapons
 a - a +0 hand axe
 g - a +1 hand axe of venom (weapon)
Armour
 b - a +0 robe (worn)
Scrolls
 d - a scroll of enchant armour {unknown}
 e - 5 scrolls of identify {unknown}
 f - 2 scrolls of amnesia {unknown}
 h - a scroll of enchant weapon {unknown}
 j - 2 scrolls of blinking {unknown}
 k - a scroll of teleportation {unknown}
Potions
 i - 3 potions of curing {unknown}
 l - 2 potions of might {unknown}
Comestibles
 c - 2 rations


   Skills:
 + Level 3.2 Fighting
 + Level 4.3 Axes
 + Level 3.9 Dodging
 - Level 2.4 Stealth


You had 2 spell levels left.
You didn't know any spells.

Dungeon Overview and Level Annotations

Branches:
Dungeon (3/15)

Altars:
Qazlal
Vehumet
The Shining One

Annotations:
D:2 Terence


Innate Abilities, Weirdness & Mutations

You are resistant to damage.
You can heal yourself by infusing magical energy.
You passively map a small area around you.
You do not regenerate.


Message History

You hit the sky beast.
The sky beast is moderately wounded.
The bat closely misses you. The sky beast closely misses you.
The bat hits you but does no damage.
You barely miss the sky beast.
The sky beast is moderately wounded.
You hit the bat.
The bat is poisoned.
You kill the bat!
The sky beast barely misses you.
You hit the sky beast but do no damage.
The sky beast looks as sick as possible!
The sky beast is heavily wounded.
The sky beast hits you.
* * * LOW HITPOINT WARNING * * *
The sky beast shocks you.
* * * LOW HITPOINT WARNING * * *
The sky beast hits you.
* * * LOW HITPOINT WARNING * * *
The sky beast shocks you.
You die...

, , ,....#.#.####)### ,
,, ................ *
#..#.#...##...) *
####..#.###.######
#######.................
.................#######
.......................#
..........####.#.#####.#
......†@..# #)#.##.....
,
......Y.$...##.#.##.##.#
..........#.#..#.##..><#
###########.#.##.#####.#
* #.#........# ,
#.#######... * ,*
#.#####<#.## *
#.......#...
############


You could see a sky beast.

Vanquished Creatures
  An adder (D:2)
  2 dart slugs
  2 orcs (D:3)
  3 giant cockroaches
  10 hobgoblins
  6 kobolds
  5 bats
  2 frilled lizards (D:1)
  9 goblins
  3 rats (D:1)
43 creatures vanquished.

Notes
Turn   | Place    | Note
-------+----------+-------------------------------------------
     0 | D:1      | MajorAdolf the Deep Dwarf Monk began the quest for the Orb.
     0 | D:1      | Reached XP level 1. HP: 20/20 MP: 1/1
     2 | D:1      | Noticed a draconian
     2 | D:1      | Noticed a demigod
     4 | D:1      | Noticed a halfling
     4 | D:1      | Noticed a dwarf
     6 | D:1      | Noticed a centaur
     6 | D:1      | Noticed a minotaur
     8 | D:1      | Noticed an octopode
     8 | D:1      | Noticed an elf
    10 | D:1      | Noticed a human
    10 | D:1      | Noticed a troll
    12 | D:1      | Noticed a naga
    14 | D:1      | Noticed a formicid
    14 | D:1      | Noticed a felid
    16 | D:1      | Noticed a vampire
    18 | D:1      | Noticed a demonspawn
    18 | D:1      | Noticed an ogre
    20 | D:1      | Noticed a vine stalker
    22 | D:1      | Noticed a merfolk
    22 | D:1      | Noticed a tengu
    24 | D:1      | Noticed a spriggan
    24 | D:1      | Noticed a gargoyle
    26 | D:1      | Noticed a ghoul
   461 | D:1      | Reached XP level 2. HP: 9/27 MP: 2/2
  1047 | D:2      | HP: 1/28 [hobgoblin/club (4)]
  1090 | D:2      | Reached XP level 3. HP: 29/34 MP: 3/3
  1093 | D:2      | Found a stormy altar of Qazlal.
  1182 | D:2      | Reached skill level 4 in Axes
  1305 | D:2      | Found a glowing golden altar of the Shining One.
  1344 | D:2      | Found a radiant altar of Vehumet.
  1371 | D:2      | Noticed Terence
  1603 | D:3      | Noticed a sky beast
  1612 | D:3      | Slain by a sky beast

Skill      XL: |  1  2  3 |
---------------+----------+-----
Fighting       | 3 |  3.2
Axes           | 4 |  4.3
Dodging        | |  3.9
Stealth        | |  2.4

Action                   || total
-------------------------++-------
Melee: Hand axe          ||   154
 Abil: Heal Wounds       ||     1
 Stab: Sleeping          ||     7
  Eat: Chunk             ||     2
Armor: Robe              ||    17
Dodge: Dodged            ||    96
